 Dungeon Crawl Stone Soup version 0.20.1-1-g8b1a95d (webtiles) character file.

95 Kairos the Shield-Bearer (level 4, -3/37 HPs)
             Began as a Formicid Fighter on Mar 6, 2018.
             Killed by divine providence
             ... invoked by an orc priest
              (7 damage)
             ... on level 3 of the Dungeon.
             The game lasted 00:02:24 (1463 turns).

Kairos the Shield-Bearer (Formicid Fighter)         Turns: 1463, Time: 00:02:25

Health: -3/37      AC:  7    Str: 22    XL:     4   Next: 95%
Magic:  4/4        EV:  8    Int:  7    God:
Gold:   97         SH:  9    Dex: 10    Spells: 3/3 levels left

rFire    . . .     SeeInvis +   a - +0 quarterstaff
rCold    . . .     Gourm    .   c - +0 shield
rNeg     . . .     Faith    .   b - +0 scale mail
rPois    .         Spirit   .   (helmet unavailable)
rElec    .         Reflect  .   (no cloak)
rCorr    .         Harm     .   (no gloves)
MR       .....                  (no boots)
Stlth    +.........             (no amulet)
Regen    0.2/turn               m - ring of stealth
MPRegen  0.1/turn               (no ring)

@: no status effects
A: permanent stasis, dig shafts and tunnels, four strong arms, antennae 3
a: Dig, Shaft Self


You were on level 3 of the Dungeon.
You were not hungry.

You visited 1 branch of the dungeon, and saw 3 of its levels.

You collected 97 gold pieces.

Inventory:

Hand Weapons
 a - a +0 quarterstaff (weapon)
Armour
 b - a +0 scale mail (worn)
 c - a +0 shield (worn)
Jewellery
 m - a ring of stealth (left hand)
Scrolls
 g - 7 scrolls of identify {unknown}
 h - 2 scrolls of remove curse {unknown}
 j - a scroll of amnesia {unknown}
 k - a scroll of teleportation {unknown}
 l - a scroll of fear {unknown}
 q - 4 scrolls of magic mapping {unknown}
Potions
 d - a potion of might
 e - a potion of agility {unknown}
 n - a potion of heal wounds {unknown}
 p - a potion of magic {unknown}
Books
 r - a book of Cantrips

   Spells                             Type                      Level
   a - Confusing Touch                Hexes                        1
   b - Animate Skeleton               Necromancy                   1
   c - Summon Small Mammal            Summoning                    1
   d - Apportation                    Translocation                1
Comestibles
 f - 2 bread rations
 i - 2 meat rations
 o - a royal jelly


   Skills:
 + Level 3.7 Fighting
 + Level 3.0 Staves
 + Level 4.0 Armour
 + Level 0.5 Dodging
 + Level 4.4 Shields


You had 3 spell levels left.
You didn't know any spells.

Dungeon Overview and Level Annotations

Branches:
Dungeon (3/15)

Altars:


Innate Abilities, Weirdness & Mutations

You cannot be hasted, slowed, berserked, paralysed or teleported.
You can dig through walls and to a lower floor.
Your four strong arms can wield two-handed weapons with a shield.
You have a pair of large antennae on your head. (SInv)


Message History

The orc closely misses you.
You closely miss the orc. You block the orc's attack.
You hit the orc but do no damage.
The orc priest mumbles some strange prayers to Beogh against you.
Beogh smites you!
* * * LOW HITPOINT WARNING * * *
You block the orc's attack.
The orc hits you with an enchanted dagger.
* * * LOW HITPOINT WARNING * * *
Your shield and scale mail prevent you from hitting the orc.
The orc barely misses you.
You barely miss the orc. The orc barely misses you.
You closely miss the orc. You block the orc's attack.
You hit the orc but do no damage. The orc completely misses you.
You closely miss the orc. The orc barely misses you.
You block the orc's attack.
You closely miss the orc.
The orc priest calls down the wrath of Beogh upon you.
Beogh smites you!
You die...

.............##..
###..........##...
#..........##...
#.......####
#####'### ######
#.# #..... #.#
#.....####.#
#...!ooo@..#
#.....######
#$.... #.....
#..... ####+#


You could see an orc priest and 2 orcs.

Vanquished Creatures
  Terence (D:2)
  2 adders (D:2)
  A dart slug (D:2)
  4 leopard geckos
  2 orcs (D:3)
  3 giant cockroaches
  6 goblins
  3 hobgoblins
  2 kobolds
  A quokka (D:2)
  2 ball pythons (D:2)
  4 bats
  5 frilled lizards
  9 rats
45 creatures vanquished.

Notes
Turn   | Place    | Note
-------+----------+-------------------------------------------
     0 | D:1      | Kairos the Formicid Fighter began the quest for the Orb.
     0 | D:1      | Reached XP level 1. HP: 18/18 MP: 1/1
   169 | D:1      | Reached XP level 2. HP: 19/24 MP: 2/2
   866 | D:2      | Reached XP level 3. HP: 29/29 MP: 3/3
   921 | D:2      | Noticed Terence
   932 | D:2      | Killed Terence
   932 | D:2      | Reached XP level 4. HP: 30/35 MP: 4/4
  1463 | D:3      | Killed from afar by an orc priest

Skill      XL: |  1  2  3  4 |
---------------+-------------+-----
Shields        | 4 |  4.4
Armour         | 4 |  4.0
Staves         | 3 |  3.0
Fighting       | |  3.7
Dodging        | |  0.5

Action                   |  1- 3 |  4- 6 || total
-------------------------+-------+-------++-------
Melee: Quarterstaff      |    78 |    86 ||   164
  Eat: Chunk             |       |     2 ||     2
Armor: Scale mail        |    26 |    36 ||    62
Dodge: Dodged            |    27 |    43 ||    70
Block: Shield            |    33 |    46 ||    79
